 Dungeon Crawl Stone Soup version 0.29-a0-838-g385bb11a5b (webtiles) character file.

Game seed: 5212541383933631516

33 purpskrrrp the Sneak (level 3, 0/16 HPs)
             Began as a Vine Stalker Enchanter on July 13, 2022.
             Was a Follower of the Shining One.
             Succumbed to an adder's poison
             ... on level 2 of the Dungeon.
             The game lasted 00:04:53 (1187 turns).

purpskrrrp the Sneak (Vine Stalker Enchanter)       Turns: 1187, Time: 00:04:54

Health: 0/16       AC:  7    Str: 10    XL:     3   Next: 29%
Magic:  4/8        EV: 12    Int: 15    God:    the Shining One [*.....]
Gold:   37         SH:  0    Dex: 22    Spells: 6/6 levels left

rFire   . . .      SeeInvis .   a - +1 dagger
rCold   . . .      Faith    .   h - orb {mayhem}
rNeg    . . .      Spirit   +   b - +0 robe
rPois   .          Reflect  .   (no helmet)
rElec   .          Harm     .   p - +0 cloak
rCorr   .          Rampage  .   (no gloves)
Will    .....                   e - +2 pair of boots of Hangman {Dex+4}
Stlth   ++........              (no amulet)
HPRegen 0.05/turn               (no ring)
MPRegen 0.11/turn               (no ring)

@: lethally poisoned (0 -> -2), glowing
A: fangs 2, magic shield, antimagic bite, no potion heal 2, thin skeletal
structure 1, high MP 1, shaggy fur 1
a: Renounce Religion, Divine Shield


You were on level 2 of the Dungeon.
You worshipped the Shining One.
The Shining One was aware of your devotion.
You visited 1 branch of the dungeon, and saw 2 of its levels.

You collected 37 gold pieces.

Inventory:

Hand Weapons
 a - a +1 dagger (weapon)
Armour
 b - a +0 robe (worn)
 e - the +2 pair of boots of Hangman (worn) {Dex+4}
   (You acquired it on level 1 of the Dungeon)

   Dex:       It affects your dexterity (+4).
 h - an orb of mayhem (worn)
 p - a +0 cloak (worn)
Scrolls
 f - a scroll of identify {unknown}
 j - a scroll of enchant weapon {unknown}
 o - a scroll of summoning {unknown}
Potions
 c - 2 potions of invisibility
 d - a potion of heal wounds
 i - a potion of lignification {unknown}
 k - a potion of attraction {unknown}
 l - a potion of flight {unknown}
 m - a potion of might {unknown}
 n - a potion of resistance {unknown}


   Skills:
 + Level 0.1 Fighting
 + Level 1.1 Short Blades
 + Level 1.7 Dodging
 + Level 4.6 Stealth
 + Level 2.4 Spellcasting
 + Level 3.2 Hexes


You had 6 spell levels left.
You didn't know any spells.
Your spell library contained the following spells:

 Spells                   Type           Power      Damage    Failure   Level
 Ensorcelled Hibernation  Hex/Ice        12%        N/A       17%         2
 Confusing Touch          Hex            11%        N/A       17%         3
 Tukima's Dance           Hex            11%        N/A       17%         3
 Dazzling Flash           Conj/Hex       12%        N/A       32%         3


Dungeon Overview and Level Annotations

Branches:
Dungeon (2/15)

Altars:
The Shining One


Innate Abilities, Weirdness & Mutations

You have extremely sharp teeth.
When hurt, damage is shared between your health and your magic reserves.
Your bite disrupts and absorbs the magic of your enemies.
Potions cannot restore your health.
You have a somewhat thin skeletal structure. (Dex +2, Stealth+)
You have an increased reservoir of magic. (+10% MP)
You are covered in fur. (AC +1)


Message History

The goblin barely misses you. The adder barely misses you.
You hit the adder but do no damage.
The adder is lightly wounded.
The adder bites you but does no damage. The goblin hits you with a +0 club.
The goblin completely misses you.
You hit the adder but do no damage.
The adder is lightly wounded.
The adder bites you but does no damage.
The adder barely misses the goblin.
The goblin hits you with a +0 club. The goblin barely misses you.
You hit the adder.
The adder is moderately wounded.
The adder misses you. The goblin closely misses you.
The goblin barely misses you. The adder closely misses you.
You hit the adder. Your bite misses the adder.
The adder is heavily wounded.
The adder bites you.
You are lethally poisoned!
The adder poisons you! The goblin hits you with a +0 club.
The goblin hits you but does no damage. The adder closely misses you.
You are too injured to fight recklessly!
You are too injured to fight recklessly!
You feel sick.
The adder bites the goblin.
The goblin dies!
The goblin attacks as you move away! The goblin misses you.
* * * LOW HITPOINT WARNING * * *
You feel sick.
The adder closely misses the goblin.
* * * LOW HITPOINT WARNING * * *
You feel sick.
The adder bites the goblin.
The goblin dies!
It was a potion of heal wounds.
That seemed strangely inert.
* * * LOW HITPOINT WARNING * * *
You feel sick. The adder bites you but does no damage.
You hit the adder. Your bite misses the adder.
The adder is almost dead.
* * * LOW HITPOINT WARNING * * *
You feel sick. The adder completely misses you. The adder barely misses you.
It was a potion of mutation.
You feel extremely strange. Fur sprouts all over your body.
You feel more energetic.
Your bones become slightly less dense.
You die...

# #####.. .......
###########...#
.........@....#
#.....S#....#
#.....)#....# .
#......#.#####..
#.....†)..+........
#.........#.#......
#.....#............
#.....#.###.#.###..
#.....#.# #.#.# .


You could see a neutral adder (fast, strong, insane).

Vanquished Creatures
  4 endoplasms (D:1)
  3 giant cockroaches
  A goblin (D:1)
  A hobgoblin (D:1)
  3 ball pythons (D:1)
  A bat (D:1)
  3 frilled lizards (D:1)
  4 kobolds (D:1)
  6 rats (D:1)
26 creatures vanquished.

Vanquished Creatures (collateral kills)
  A bat (D:1)
  2 endoplasms (D:1)
  2 goblins (D:2)
  A frilled lizard (D:1)
6 creatures vanquished.

Grand Total: 32 creatures vanquished

Notes
Turn   | Place    | Note
-------+----------+-------------------------------------------
     0 | D:1      | purpskrrrp the Vine Stalker Enchanter began the quest for
                  | the Orb.
     0 | D:1      | Reached XP level 1. HP: 9/9 MP: 4/4
    78 | D:1      | Reached skill level 4 in Stealth
   175 | D:1      | Reached XP level 2. HP: 13/13 MP: 6/6
   691 | D:1      | Found a faded altar of an unknown god.
   702 | D:1      | Reached skill level 1 in Short Blades
   705 | D:1      | Reached XP level 3. HP: 11/16 MP: 4/7
  1085 | D:1      | Prayed at the altar of an unknown god.
  1085 | D:1      | Became a worshipper of the Shining One
  1085 | D:1      | Reached * piety under the Shining One
  1128 | D:1      | Identified a scroll of acquirement
  1128 | D:1      | Acquired the +2 pair of boots of Hangman {Dex+4}
  1187 | D:2      | Gained mutation: You are covered in fur. (AC +1) [potion of
                  | mutation]
  1187 | D:2      | Gained mutation: You have an increased reservoir of magic.
                  | (+10% MP) [potion of mutation]
  1187 | D:2      | Gained mutation: You have a somewhat thin skeletal
                  | structure. (Dex +2, Stealth+) [potion of mutation]
  1187 | D:2      | Succumbed to an adder's poison

Illustrated notes

Levels and vault maps discovered:
D:1:      saegor_arrival_simple_d, layout_rooms,
          hellmonk_ecumenical_altar_crossroads, minmay_misc_feat_roman,
          serial_bayou_pond_c, minmay_pentomino_v2
D:2:      layout_basic, serial_shops, nicolae_square_shop,
          ebering_dispersal_statue_hall

Skill      XL: |  1  2 |
---------------+-------+-----
Stealth        | 4 |  4.6
Short Blades   | 1 |  1.1
Fighting       | |  0.1
Dodging        | |  1.7
Spellcasting   | |  2.4
Hexes          | |  3.2

Action                   || total
-------------------------++-------
Melee: Dagger            ||    70
       Bite              ||    15
  Use: Scroll            ||     2
       Potion            ||     2
 Stab: Sleeping          ||     6
Armor: Robe              ||    17
Dodge: Dodged            ||    60

Table legend: (Time is in decaauts)
 A = Elapsed time spent in this place.
 B = Non-inter-level travel time spent in this place.
 C = Inter-level travel time spent in this place.
 D = Time resting spent in this place.
 E = Time spent auto-exploring this place.
 F = Levels seen in this place.
 G = Mean time per level.
                   A        B        C        D        E       F      G
               +--------+--------+--------+--------+--------+-----+--------+
         Total |   1183 |   1138 |     45 |      0 |    873 |   2 |  591.5 |
       Dungeon |   1183 |   1138 |     45 |      0 |    873 |   2 |  591.5 |
               +--------+--------+--------+--------+--------+-----+--------+

Top non-repeatable levels by time:
     D:1: 1153 daAuts
     D:2: 29 daAuts
